 Dungeon Crawl Stone Soup version 0.14.1 (webtiles) character file.

154 Graywind the Ducker (level 3, 0/24 HPs)
             Began as a Vampire Wanderer on Apr 29, 2014.
             Succumbed to an adder's poison
             ... on Level 2 of the Dungeon.
             The game lasted 00:12:46 (1413 turns).

Graywind the Ducker (Vampire Wanderer)              Turns: 1413, Time: 00:12:46

HP   0/24        AC 10     Str 11      XL: 3   Next: 87%
MP   3/3         EV  7     Int 16      God:
Gold 91          SH  0     Dex 12      Spells:  0 memorised,  2 levels left

rFire  . . .     SeeInvis +     a - +0 dagger
rCold  . . .     Clarity  .     f - +1 scale mail
rNeg   + . .     Conserve .     (no shield)
rPois  .         rCorr    .     (no helmet)
rElec  .         rRot     .     (no cloak)
SustAb . .       Spirit   .     (no gloves)
rMut   .         Warding  .     p - +2 pair of boots
Saprov . . .     Stasis   .     (no amulet)
MR     .....                    (no ring)
                                k - ring of positive energy {unknown}

@: regenerating very quickly, lethally poisoned, not resistant to hostile
enchantments, extremely unstealthy
A: fangs 3, see invisible, unbreathing
a: no special abilities


You were on level 2 of the Dungeon.
You were almost alive.

You visited 1 branch of the dungeon, and saw 3 of its levels.

You collected 91 gold pieces.

Inventory:

Hand weapons
 a - a +0,+0 dagger (weapon)
 b - a +1,+1 sling
Missiles
 c - 21 darts (quivered)
 g - 17 sling bullets
 m - 18 bolts
Armour
 f - a +1 scale mail (worn)
 p - a +2 pair of boots (worn)
Magical devices
 o - a wand of confusion (8) {unknown}
Scrolls
 d - a scroll of fear
 h - a scroll of remove curse
 i - a scroll of fog
 n - a scroll of teleportation
Jewellery
 k - a ring of positive energy (left hand) {unknown}
Potions
 j - a potion of haste


   Skills:
 + Level 0.9 Short Blades
   Level 1.0 Long Blades
 + Level 1.1 Throwing
 + Level 1.1 Armour
 + Level 3.5 Dodging
 + Level 1.5 Stealth
   Level 1.0 Shields
 + Level 0.1 Spellcasting
   Level 2.0 Summonings
   Level 3.2 Transmutations


You had 2 spell levels left.
You didn't know any spells.

Dungeon Overview and Level Annotations

Branches:
Dungeon (3/15)

Altars:
Yredelemnul

Annotations:
D:3 Sigmund


Innate Abilities, Weirdness & Mutations

Your natural rate of healing is extremely fast.
You have razor-sharp teeth.*
You have supernaturally acute eyesight.
You can survive without breathing.*


Message History

You feel sick.
* * * LOW HITPOINT WARNING * * *
You feel sick.
* * * LOW HITPOINT WARNING * * *
You feel sick.
* * * LOW HITPOINT WARNING * * *
You feel sick.
* * * LOW HITPOINT WARNING * * *
You feel sick.
* * * LOW HITPOINT WARNING * * *
You feel sick.
Read which item? (? for menu, Esc to quit)
Okay, then.
Drink which item? (? for menu, Esc to quit)
Yummy - fresh blood!
* * * LOW HITPOINT WARNING * * *
You feel sick.
* * * LOW HITPOINT WARNING * * *
You feel sick.
You die...

#........# ########
#...<....#
.......#####........#
######..>..'........#
#######........#
#........# ###'######
#...# ###@## #..#
####### #######.####
......# #..........#
......#####..........#
......##.............#
......##.##....>.....#
......'.. #######.####
......## ##.....#


There were no monsters in sight!

Vanquished Creatures
  An adder (D:2)
  A giant mite (D:2)
  3 giant geckos
  10 bats
  2 giant cockroaches
  6 goblins
  3 hobgoblins (D:1)
  3 jackals (D:2)
  3 giant newts
  6 kobolds
  A kobold zombie (D:2)
  3 rats
42 creatures vanquished.

Vanquished Creatures (others)
  A giant mite (D:2)
  A giant gecko (D:2)
  2 giant newts (D:2)
4 creatures vanquished.

Grand Total: 46 creatures vanquished

Notes
Turn   | Place    | Note
--------------------------------------------------------------
     0 | D:1      | Graywind, the Vampire Wanderer, began the quest for the Orb.
     0 | D:1      | Reached XP level 1. HP: 13/13 MP: 1/1
   138 | D:1      | Reached XP level 2. HP: 16/19 MP: 2/2
   911 | D:2      | Reached XP level 3. HP: 20/24 MP: 3/3
   927 | D:2      | Reached skill level 1 in Throwing
  1083 | D:2      | Reached skill level 1 in Armour
  1102 | D:2      | Noticed a human
  1107 | D:2      | Found a basalt altar of Yredelemnul.
  1275 | D:3      | Noticed Sigmund
  1410 | D:2      | HP: 1/24 [poisoned by an adder]
  1413 | D:2      | Succumbed to an adder's poison

Action                   || total
-------------------------++-------
Melee: Dagger            ||   267
 Fire: Sling             ||     5
Throw: Dart              ||    39
 Cast: Sandblast         ||     1
  Use: Scroll            ||    10
       Potion            ||     4
